[Event "1st Festival Galdar 2024"]
[Site "?"]
[Date "2024.09.02"]
[Round "1.13"]
[White "Gallardo Palenzuela, Jose Luis"]
[Black "Yankelevich, Lev"]
[Result "0-1"]
[Annotator "TA"]
[ECO "E62"]
[WhiteElo "1762"]
[BlackElo "2420"]
[PlyCount "66"]
[EventDate "2024.09.02"]
[EventType "swiss"]
[SourceTitle "playchess.com"]
[Source "ChessBase"]
[SourceQuality "1"]
[TimeControl "5400+30"]

1. d4 Nf6 2. Nf3 g6 3. g3 Bg7 4. Bg2 O-O 5. c4 d6 6. Nc3 c6 7. e4 Be6 8. Qe2 Bg4 9. h3 Bxf3 {[%emt 0:00:05] The position is equal.} 10. Bxf3 Nfd7 11. Be3 Qb6 12. Rd1 Qb4 13. Qd3 (13. Qc2 $11) 13... c5 14. O-O {[%emt 0:12:25] Strongly threatening Nd5.} Nc6 15. Nb5 (15. Nd5 $15 Qa5 (15... Qxb2 $2 16. Rd2 $18) 16. b4 cxb4 17. Bg2) 15... cxd4 16. a3 $2 {[%emt 0:07:59] [#]} (16. Nxd4 $17 Bxd4 (16... Qxb2 17. Nxc6 bxc6 18. Rd2 $17) 17. Bxd4) 16... Nde5 $2 17. axb4 $17 Nxd3 {[%emt 0:01:17] Excellent horsemanship.} 18. Nxd4 Ndxb4 {[%emt 0:04:27] Black is more active.} 19. Be2 (19. Nxc6 $15 Nxc6 (19... bxc6 20. c5 $17) 20. b3) 19... Nxd4 20. Bxd4 Bxd4 21. Rxd4 Rfc8 22. f4 Rc5 23. Rf3 Rac8 24. Kf2 R8c6 25. Rb3 Rb6 26. Rd1 {[%emt 0:02:37] [#]} Rcc6 $1 27. Ra1 Na6 28. Rxb6 (28. Rb5 $17) 28... Rxb6 {[%emt 0:00:05] KRB-KRN} ({But not} 28... axb6 29. Ke3 $15) 29. Rb1 (29. Bf3 $142) 29... Nc5 $19 30. Ke3 (30. e5 $142) 30... Rb3+ {[%emt 0:00:07] Black is clearly winning.} 31. Kd4 (31. Kd2 $142) 31... Ne6+ 32. Kd5 Rxg3 33. Rf1 Re3 {[%emt 0:47:35] Weighted Error Value: White=0.54/Black=0.20 (precise) .  Loses game:     	White=1     	---        Missed win:     	---       	Black=1      Mistake:       	White=7     	---        Inaccurate:     	White=1     	Black=2      OK:         	White=4     	Black=11     Best:        	White=2     	---} 0-1

[Event "1st Festival Galdar 2024"]
[Site "?"]
[Date "2024.09.02"]
[Round "1.14"]
[White "Fiorito, Francisco"]
[Black "Reinoso Andre, Lazaro Javier"]
[Result "1-0"]
[Annotator "RC"]
[ECO "C00"]
[WhiteElo "2416"]
[BlackElo "1760"]
[PlyCount "99"]
[EventDate "2024.09.02"]
[EventType "swiss"]
[SourceTitle "playchess.com"]
[Source "ChessBase"]
[SourceQuality "1"]
[TimeControl "5400+30"]

1. Nf3 c5 2. g3 Nc6 3. Bg2 e6 4. O-O Nf6 5. d3 Be7 6. e4 d5 7. Nbd2 O-O 8. Re1 dxe4 9. dxe4 e5 10. c3 Bg4 11. h3 Bh5 12. Qb3 Qc7 13. Nc4 Bg6 14. Nh4 Rfd8 15. Nxg6 hxg6 16. a4 Rab8 17. a5 b5 18. axb6 axb6 19. Qb5 Na7 20. Qa6 Nc6 21. Na3 Ra8 22. Qb5 Ra5 23. Qb3 Rb8 24. Nb5 Qc8 25. Be3 Ne8 26. Rad1 Na7 27. Nxa7 Rxa7 28. Qd5 Bd6 29. Bf1 b5 30. b4 Rd7 31. h4 Nf6 32. Qa2 Qc7 33. Bh3 Rdd8 34. bxc5 Bxc5 35. Bg5 Rxd1 36. Rxd1 Qc6 37. Bxf6 Qxf6 38. Rd5 Bb6 39. Kg2 b4 40. cxb4 Bd4 41. b5 Kh7 42. Rd7 Kg8 43. Rxf7 Qxf7 44. Be6 Qxe6 45. Qxe6+ Kh7 46. Qd5 Rc8 47. Qb3 Rb8 48. f4 exf4 49. gxf4 Rb6 50. e5 1-0

[Event "1st Festival Galdar 2024"]
[Site "?"]
[Date "2024.09.02"]
[Round "1.15"]
[White "Guerra Aleman, Marcial"]
[Black "Kurajica, Bojan"]
[Result "1/2-1/2"]
[Annotator "TA"]
[ECO "E15"]
[WhiteElo "1759"]
[BlackElo "2409"]
[PlyCount "65"]
[EventDate "2024.09.02"]
[EventType "swiss"]
[SourceTitle "playchess.com"]
[Source "ChessBase"]
[SourceQuality "1"]
[TimeControl "5400+30"]

1. d4 Nf6 2. Nf3 e6 3. c4 b6 4. g3 Ba6 5. b3 b5 6. Bg2 bxc4 7. Ne5 c6 (7... Bb4+ $11 {keeps the balance.} 8. Bd2 cxb3 9. axb3 Bxd2+ 10. Qxd2 d5) 8. bxc4 $16 Qc7 9. Qa4 d5 {[%emt 0:05:51] White is better.} 10. Ba3 {[%emt 0:05:31] Prevents Bc5.} Bxa3 11. Nxa3 O-O 12. O-O Bb7 13. Rab1 Nbd7 14. Rfc1 Rfc8 (14... Rfb8 $16) 15. cxd5 $18 exd5 16. Qb4 Nb6 17. Nb5 Qb8 (17... Qd8 {was worth a try.}) 18. Nd6 Rc7 19. a4 Ba6 20. a5 Nbd7 21. Qd2 (21. Ndxf7 Qxb4 22. Rxb4 Bxe2 $18) (21. Qa4 Qd8 22. Nxc6 (22. Nexf7 Qe7 $18)) 21... Qf8 22. Ndxf7 Re8 23. Qg5 {[%emt 0:08:14] [#] Strongly threatening Nh6+.} ({Inferior is} 23. Rxc6 Rxc6 24. Nxc6 Qxf7 $17 (24... Kxf7 25. Qf4 $17) (24... Rxe2 25. Qg5 $17)) 23... Nb8 (23... Nxe5 $142 24. Nxe5 Bxe2 25. Nxc6 (25. Rxc6 Rxc6 26. Nxc6 h6 $18) 25... Qd6) 24. Nh6+ Kh8 25. Nf5 Bxe2 26. Ne3 Rd8 27. Rb2 Ba6 28. Rbc2 Bb5 29. Rc5 {[%emt 0:00:21] Threatens to win with Rxb5.} Na6 30. R5c3 Nb4 31. Rc5 {[%emt 0:01:32] aiming for Rxb5.} Na6 $1 {[%emt 0:07:17] [#]} 32. R5c3 $2 {[%emt 0:00:08] White has more active pieces.} (32. Qh4 $1 $16 Kg8 33. R5c3 (33. Nxc6 Nxc5 34. Nxd8 Ne6 $18)) 32... Nb8 $2 (32... Nb4 $11) 33. Qf4 {[%emt 0:01:08][%mdl 32768] Weighted Error Value: White=0.38/Black=0.51.  Loses game:     	---       	Black=1      Mistake:       	White=2     	Black=3      Inaccurate:     	White=1     	Black=2      OK:         	White=9     	Black=9      Best:        	White=4     	---        Strong:       	---       	Black=1     . An unexpected result.} 1/2-1/2

[Event "1st Festival Galdar 2024"]
[Site "?"]
[Date "2024.09.02"]
[Round "1.16"]
[White "Fiorito, Joaquin"]
[Black "Julien Casteleiro, Ariel"]
[Result "1-0"]
[Annotator "TA"]
[ECO "D53"]
[WhiteElo "2402"]
[BlackElo "1755"]
[PlyCount "129"]
[EventDate "2024.09.02"]
[EventType "swiss"]
[SourceTitle "playchess.com"]
[Source "ChessBase"]
[SourceQuality "1"]
[TimeControl "5400+30"]

1. d4 d5 2. c4 c6 3. Nf3 Nf6 4. Nc3 e6 5. Bg5 Be7 6. e3 Nbd7 7. Bd3 a6 {[%emt 0:00:31] 7...h6 is the modern continuation.} 8. c5 O-O 9. b4 b6 {[%emt 0:01:33] D53: Queen's Gambit Declined: 4 Bg5 Be7: Early deviations.} 10. O-O b5 11. a4 Bb7 12. Qc2 Re8 13. Ne5 $146 ({Predecessor:} 13. Bf4 Nf8 14. axb5 axb5 15. Nxb5 cxb5 16. Bxb5 N8d7 17. c6 Bxc6 18. Qxc6 Rxa1 19. Rxa1 Bxb4 20. Ra4 Bf8 21. Ra7 Qc8 22. g4 h6 {0-1 Parmet,D (1624)-Raines,D (1084) WC-2016-P-00008 2012}) 13... g6 14. f4 Nxe5 15. fxe5 Ng4 16. Bf4 Bg5 17. Qe2 Nh6 18. Bxg5 Qxg5 19. Rf4 Nf5 20. Raf1 a5 21. axb5 axb4 22. Nd1 (22. Na2 $16) 22... Ra1 $11 23. g4 Rea8 24. Kh1 $2 (24. h4 $11 {and White has nothing to worry.} Nxh4 25. Rxf7) 24... R8a2 $19 25. Qf3 Qh4 26. Nf2 Rxf1+ 27. Bxf1 Nh6 28. Nh3 $2 {[%emt 0:03:37] [#]} (28. Kg1) 28... g5 $1 $19 29. Rf6 b3 (29... Qxg4 $2 30. Rxf7 Qxf3+ 31. Rxf3 $19) 30. e4 $2 (30. Nf2 Ra1 31. Kg2) 30... b2 $19 (30... Nxg4 31. Rxf7 Rxh2+ (31... Nxh2 32. Rf8+ Kg7 33. Qf6#) 32. Kg1 $15) 31. Qb3 Ra1 $2 (31... dxe4 32. Qxa2 e3 33. Qxb2 cxb5+ 34. Bg2 Qe1+ 35. Ng1 $18) (31... Qxg4 $2 32. Nf2 (32. Qxa2 $2 Qxe4+ 33. Kg1 b1=Q $19) 32... b1=Q 33. Qxb1 Rxf2 34. Rxf2 $18) (31... Qe1 $19 32. Qxa2 b1=Q (32... b1=B $2 33. Qf2 $18) 33. Qxb1 Qxb1 34. exd5 Nxg4) 32. Qxb2 $17 {[%emt 0:00:07] [#]} Rxf1+ (32... Qe1 $1 $17 33. exd5 (33. Nxg5 $2 Nf5 $19) 33... Nf5 (33... Nxg4 34. Rf3 $17)) 33. Rxf1 $11 Qxh3 34. Qg2 Qe3 (34... Qxg4 $2 35. Qxg4 Nxg4 36. exd5 exd5 37. b6 $18) 35. exd5 exd5 (35... cxb5 $2 36. c6 Ba8 37. Ra1 Bxc6 38. dxc6 Qxd4 39. Rf1 $18 (39. Ra8+ Kg7 $16)) 36. Rf6 Kg7 37. h3 (37. bxc6 $11 Bc8 38. Qf3 Qe1+ (38... Nxg4 $2 39. Rxf7+ Kg6 40. Qxe3 $18) (38... Qxd4 39. Rxh6 Qa1+ 40. Kg2 $14) (38... Qxf3+ 39. Rxf3 Bxg4 40. Rg3 $14) 39. Kg2 Bxg4 (39... Nxg4 40. Rxf7+ Kg8 41. Rf8+ Kg7 42. Rf7+ Kg8 43. Rf8+ Kg7 44. Rf7+ $11) 40. Qd3) 37... Qxd4 38. bxc6 Bc8 (38... Qxe5 $2 39. cxb7 (39. Rxh6 Qe1+ 40. Kh2 Qe5+ 41. Kh1 Qe1+ 42. Qg1 Qe4+ 43. Kh2 Kxh6 $11) 39... Kxf6 40. Qf1+ Kg7 41. Qb1 $18) 39. Rf1 (39. Rd6 $1 $15) 39... Qxc5 $2 ({Black should play} 39... Qxe5 $19 {Hoping for ...d4.} 40. Qf2 Qe6 41. Qd4+ f6) 40. Qd2 $11 Qxc6 $2 (40... Qe7 $11 {and Black is okay.}) 41. Rf6 $1 $18 (41. Qxg5+ $2 Qg6 42. Qf4 Ng8 $19) 41... Be6 42. Qxg5+ Kf8 43. Qxh6+ (43. Rxh6 d4+ 44. Kg1 Qc3 45. Qd8+ (45. Rxh7 $2 Qg3+ 46. Kh1 Bd5#) 45... Kg7 46. Qg5+ Kf8 47. Rxe6 (47. Rxh7 $2 Qg3+ 48. Kh1 Bd5#) 47... Qg3+ 48. Kf1 Qxh3+ 49. Ke2 Qg2+ 50. Kd3 Qf1+ 51. Kxd4 Qa1+ 52. Kd3 Qf1+ 53. Ke4 Qc4+ 54. Kf3 Qxe6 $11) 43... Ke7 44. Rf2 d4+ 45. Kh2 Qc5 46. Qf4 (46. Qxh7 Qxe5+ 47. Kg2 Bd5+ 48. Kf1 Bc4+ 49. Kg2 d3 $11) 46... d3 47. Rb2 Bd5 $2 (47... Bb3 48. Kg3 (48. Rxb3 Qc2+ 49. Kg3 Qxb3 $11) 48... Qc3) 48. Qf6+ Kd7 49. Qf5+ Be6 50. Qxd3+ Ke7 51. Rb7+ (51. Qxh7 $2 Qxe5+ 52. Kg1 Qe3+ (52... Qxb2 $2 53. Qe4 $19) 53. Kh2 (53. Rf2 $2 Qe1+ 54. Kg2 Bd5+ 55. Kg3 Qe3+ $19) 53... Qf4+ (53... Qe5+ $2 54. Kg1 $19) 54. Kg2 Bd5+ 55. Kg1 Qc1+ 56. Kf2 Qxb2+ $19) 51... Ke8 52. Qb5+ (52. Qxh7 $2 {is a self mate.} Qf2+ (52... Qxe5+ $2 53. Kg2 $19) 53. Kh1 Bd5+) (52. Rb8+ $142 Bc8 53. Qf5 (53. Qxh7 $2 {is the wrong capture.} Qxe5+ 54. Kg2 Qxb8 $19) 53... Kd8 54. Ra8 (54. Qxh7 Qxe5+ 55. Kg2 Qxb8 $11) 54... Qc1 55. Qxf7 (55. Qxh7 Qd2+ 56. Kg3 Qe1+ 57. Kg2 Qe2+ 58. Kg3 Qe1+ 59. Kg2 Qe2+ 60. Kg3 Qe1+ $11) 55... Qd2+ 56. Kg3 Qe1+ 57. Kg2 Qd2+ 58. Qf2 Qd5+ 59. Qf3 Qd2+ 60. Kg3 Qe1+ 61. Kf4) 52... Qxb5 $18 53. Rxb5 Kf8 54. Kg3 Kg7 55. Kf4 h6 56. h4 Kg6 57. h5+ Kg7 58. g5 Bc4 59. Rb6 Be6 60. g6 Bc4 61. Rb7 Be6 62. gxf7 Kf8 63. Ke4 Kg7 64. f8=Q+ Kxf8 65. Rh7 1-0

[Event "1st Festival Galdar 2024"]
[Site "?"]
[Date "2024.09.02"]
[Round "1.17"]
[White "Matos Espino, Carlos Silverio"]
[Black "Balaji, Aaravamudhan"]
[Result "0-1"]
[Annotator "TA"]
[ECO "B06"]
[WhiteElo "1732"]
[BlackElo "2396"]
[PlyCount "52"]
[EventDate "2024.09.02"]
[EventType "swiss"]
[SourceTitle "playchess.com"]
[Source "ChessBase"]
[SourceQuality "1"]
[TimeControl "5400+30"]

1. e4 g6 2. d4 Bg7 3. Nf3 d6 4. Nc3 a6 5. Bc4 Nf6 6. Bb3 (6. O-O $14) 6... O-O $11 7. h3 Nc6 8. Be3 {[%emt 0:01:59] White is slightly better.} Na5 9. Qd2 Nxb3 10. cxb3 b5 11. Bh6 (11. e5 $11 {keeps the balance.} dxe5 12. Nxe5) 11... b4 12. Bxg7 Kxg7 (12... bxc3 $6 13. Qh6 Nxe4 (13... cxb2 14. Rb1 $16) 14. O-O-O $14) 13. e5 dxe5 (13... bxc3 14. exf6+ exf6 15. bxc3 $11) 14. dxe5 Qxd2+ (14... bxc3 15. exf6+ exf6 16. Qxd8 Rxd8 17. bxc3 $15) 15. Nxd2 Nd7 16. Nd5 Nxe5 17. Nxb4 a5 18. Nd5 (18. f4 $17) 18... Rd8 $1 $19 19. Nxc7 Nd3+ 20. Ke2 Nf4+ 21. Kf3 {[%emt 0:00:00] [#]} (21. Kd1 {was worth a try.} Ra7 (21... Rb8 $2 22. Rg1 $19) 22. Rc1) 21... e5 $1 {[%emt 0:00:32] ( -> ...Rd3+)} 22. Nc4 {[%emt 0:00:00] [#]} (22. Rae1 Bb7+) 22... Rd3+ $1 (22... Bb7+ 23. Kg3 Rac8 24. Nb5 Rd3+ (24... Bxg2 25. Rhd1 $17) (24... Nxg2 $2 25. Nbd6 $18) 25. f3 Rxc4 26. bxc4 $19) 23. Ke4 {[%emt 0:00:00] [#]} (23. Ne3 $142 Bb7+ 24. Kg3) 23... f6 $2 $40 {[%emt 0:03:04][%mdl 128] Black is out for blood.} (23... Bf5+ $1 24. Kxe5 Nxg2) 24. Nd6 $2 {[%emt 0:00:00] [#]} (24. Nxa8 $2 Bf5#) (24. Nxe5 fxe5 25. Kxe5 (25. Nxa8 $2 {gets mated.} Kf6 26. h4 Bf5#)) 24... Bd7 $1 25. Rac1 {[%emt 0:00:00] Prevents Bc6+} Rxd6 26. Nxa8 Bf5+ {[%emt 0:17:41] Weighted Error Value: White=0.95/Black=0.37.  Mistake:       	White=5     	Black=1      Inaccurate:     	White=2     	Black=1      OK:         	White=2     	Black=10     Best:        	White=1     	Black=2      Strong:       	---       	Black=1} 0-1

[Event "1st Festival Galdar 2024"]
[Site "?"]
[Date "2024.09.02"]
[Round "1.18"]
[White "Suarez Uriel, Adrian"]
[Black "Bangiev, Anton"]
[Result "1-0"]
[Annotator "TA"]
[ECO "C41"]
[WhiteElo "2383"]
[BlackElo "1731"]
[PlyCount "53"]
[EventDate "2024.09.02"]
[EventType "swiss"]
[SourceTitle "playchess.com"]
[Source "ChessBase"]
[SourceQuality "1"]
[TimeControl "5400+30"]

1. e4 d6 2. d4 Nf6 3. Nc3 e5 4. Nf3 Nbd7 5. Bc4 Be7 6. a4 a5 7. dxe5 {[%emt 0:00:06] White is more active.} dxe5 (7... Nxe5 $14 8. Nxe5 dxe5) 8. Ng5 $18 O-O {[%emt 0:03:23] [#] White is clearly better.} 9. Be3 $2 (9. Bxf7+ $1 $18 Rxf7 10. Ne6) 9... Bd6 (9... Bb4 $1 $15) 10. Nb5 $11 Qe7 11. Nxd6 cxd6 12. Qe2 Nc5 13. Bxc5 dxc5 14. O-O-O h6 15. Nf3 b6 16. Nh4 {[%emt 0:00:48] And now Ng6 would win.} Be6 17. Nf5 Bxf5 18. exf5 Rad8 {[%emt 0:06:15] Black is weak on the light squares} 19. f4 e4 20. g4 $36 {[%emt 0:00:05][%cal Bg2g4,Bg4g5][%mdl 2080] White has good play.} Qc7 21. Rdf1 {[%emt 0:01:06] Threatens to win with g5.} Rfe8 $2 (21... e3 $1 $11 {and Black is okay.}) 22. g5 $18 Nd5 23. gxh6 gxh6 $2 (23... Qc6 24. hxg7 Kxg7 25. Rhg1+ Kf8) 24. Rhg1+ Kf8 25. Qg2 {[%emt 0:01:18][%cal Of5f6] f6! would kill now.} h5 26. Bxd5 (26. f6 $142 Nxf6 27. Qg7+ Ke7 28. Qxf7+ Kd6 29. Qxf6+ Kd7 30. Ba6 (30. Rg7+ Kc8 31. Ba6+ Kb8 32. Rxc7 Kxc7 33. Qf7+ Rd7 34. Qxe8 h4 35. Qc8+ Kd6) 30... Qd6 31. Rd1 (31. Rg7+ Re7 32. Rxe7+ Qxe7 33. Bb5+ Kc8 34. Qxe7 Kb8 35. Qxd8+ Kb7 36. Rg1 e3 37. Rg7#)) 26... Rxd5 {[%emt 0:00:08] [#]} 27. f6 $1 {[%emt 0:00:03] Weighted Error Value: White=0.20 (precise) /Black=0.99.  Loses game:     	---       	Black=1      Missed win:     	White=1     	---        Mistake:       	---       	Black=3      Inaccurate:     	White=1     	Black=2      OK:         	White=8     	Black=7      Best:        	White=3     	---} 1-0

[Event "1st Festival Galdar 2024"]
[Site "?"]
[Date "2024.09.02"]
[Round "1.19"]
[White "Mukhi Talreja, Ishita Tina"]
[Black "Del Rio De Angelis, Salvador G."]
[Result "0-1"]
[Annotator "TA"]
[ECO "A80"]
[WhiteElo "1730"]
[BlackElo "2376"]
[PlyCount "64"]
[EventDate "2024.09.02"]
[EventType "swiss"]
[SourceTitle "playchess.com"]
[Source "ChessBase"]
[SourceQuality "1"]
[TimeControl "5400+30"]

1. d4 f5 2. Nf3 Nf6 3. e3 e6 4. Be2 Be7 5. b3 O-O 6. O-O b6 7. Bb2 Bb7 8. c4 {[%emt 0:03:21] The position is equal.} Ne4 9. Nbd2 a5 10. a3 d6 11. Rc1 Nd7 12. b4 c5 13. b5 Bf6 14. Nb1 Rc8 15. Nc3 Qe7 ({Black should play} 15... Nxc3 $15 16. Bxc3 Qe7) 16. d5 (16. Na4 $11) 16... Nxc3 $15 17. Bxc3 exd5 18. cxd5 Rce8 19. Bxf6 Nxf6 20. Bc4 Ng4 21. h3 Ne5 22. Nxe5 Qxe5 23. g3 Qf6 24. Qd2 Re7 25. Rce1 Rfe8 26. Re2 Re4 27. Rc1 Qe7 {[%emt 0:02:32][%cal Of5f4] Black is more active.} 28. Bd3 {[%emt 0:04:29] [#]} (28. Kh2 $15) 28... Bxd5 $1 $17 29. Bxe4 (29. Rd1 $17 Re6 (29... Re5 30. f4 $17) 30. Bxf5) 29... Qxe4 $19 30. f3 {[%emt 0:01:53] White is weak on the light squares} Qxf3 31. Rg2 $2 (31. Kh2 $17) 31... Rxe3 ({Weaker is} 31... Qxe3+ 32. Qxe3 Rxe3 33. Rd2 $15) 32. Rf1 Qxg2+ {[%emt 0:00:15] Weighted Error Value: White=0.42/Black=0.10 (very precise) .  Loses game:     	White=1     	---        Mistake:       	White=3     	Black=1      Inaccurate:     	White=4     	Black=3      OK:         	White=5     	Black=9      Best:        	White=1     	---        Strong:       	---       	Black=1} 0-1

[Event "1st Festival Galdar 2024"]
[Site "?"]
[Date "2024.09.02"]
[Round "1.20"]
[White "Barlov, Dragan"]
[Black "Moreno Ramos, Aristides"]
[Result "1-0"]
[Annotator "RC"]
[ECO "E67"]
[WhiteElo "2375"]
[BlackElo "1728"]
[PlyCount "61"]
[EventDate "2024.09.02"]
[EventType "swiss"]
[SourceTitle "playchess.com"]
[Source "ChessBase"]
[SourceQuality "1"]
[TimeControl "5400+30"]

1. c4 Nf6 2. Nf3 g6 3. g3 Bg7 4. Bg2 O-O 5. O-O d6 6. d4 Nbd7 7. Nc3 e5 8. h3 a6 9. Qc2 Qe7 10. Rd1 c6 11. e4 Nh5 12. b3 Bh8 13. Ba3 Rd8 14. Rd2 exd4 15. Nxd4 c5 16. Nde2 Ne5 17. Nd5 Qg5 18. Rad1 Nc6 19. f4 Qh6 20. g4 Bd4+ 21. Nxd4 Nxd4 22. Rxd4 cxd4 23. gxh5 gxh5 24. f5 Qg5 25. Qf2 h6 26. Qxd4 Qg7 27. Nf6+ Kh8 28. Bb2 b5 29. Qf2 Qg5 30. h4 Qg7 31. Qd4 1-0